 Dungeon Crawl Stone Soup version 0.25-a0-589-g1e14c549ee (webtiles) character file.

Game seed: 17064838585256931308, levelgen mode: deterministic

62967 Lentor the Cleaver (level 14, -9/113 HPs)
             Began as a Demonspawn Fighter on Mar 10, 2020.
             Was the Champion of Okawaru.
             Mangled by an ettin
             ... wielding a +0 dire flail
              (37 damage)
             ... on level 1 of the Orcish Mines.
             The game lasted 01:11:16 (18317 turns).

Lentor the Cleaver (Demonspawn Fighter)            Turns: 18317, Time: 01:11:17

Health: -9/113     AC: 26    Str: 30    XL:     14   Next: 66%
Magic:  14/14      EV: 11    Int: 10    God:    Okawaru [******]
Gold:   1415       SH: 14    Dex: 14    Spells: 13/13 levels left

rFire    + + +     SeeInvis +   l - +6 hand axe of Unpleasantness {flame, +Fly Str+6}
rCold    . . .     Gourm    .   K - +1 kite shield {AC+3}
rNeg     + + .     Faith    .   Q - +3 plate armour {rF+}
rPois    .         Spirit   .   D - +3 helmet of Brilliance {rCorr Str+4}
rElec    .         Reflect  .   R - scarf {rC+ rF+}
rCorr    +         Harm     .   (no gloves)
MR       ++...                  (no boots)
Stlth    ..........             (no amulet)
HPRegen  0.28/turn              G - ring "Mioz" {rC- rN++ SInv}
MPRegen  0.14/turn              T - ring of protection from magic

@: no status effects
A: hooves 2, yellow scales 1, fire resistance 1, ignite blood, powered by death
1, flame cloud immunity
a: Heroism, Finesse, Renounce Religion, Evoke Flight


You were on level 1 of the Orcish Mines.
You worshipped Okawaru.
Okawaru was exalted by your worship.
You were hungry.

You visited 4 branches of the dungeon, and saw 23 of its levels.
You also visited: Sewer and Volcano.

You collected 1415 gold pieces.

Inventory:

Hand Weapons
 l - the +6 hand axe of Unpleasantness (weapon) {flame, +Fly Str+6}
   (You found it on level 4 of the Dungeon)

   It has been specially enchanted to burn those struck by it, causing extra
   injury to most foes and up to half again as much damage against particularly
   susceptible opponents.
   Big, fiery blades are also staple armaments of hydra-hunters.
   It affects your strength (+6).
   It lets you fly.
Missiles
 n - 16 atropa-tipped darts (quivered)
 o - 72 poisoned darts
Armour
 z - the +0 ring mail of Mirth {Str+2}
   (You found it on level 6 of the Dungeon)

   It affects your strength (+2).
 D - the +3 helmet of Brilliance (worn) {rCorr Str+4}
   (You found it on level 7 of the Dungeon)

   It affects your strength (+4).
   It provides partial protection from all sources of acid and corrosion.
 K - a +1 kite shield of protection (worn)
 Q - a +3 plate armour of fire resistance (worn)
 R - a scarf of resistance (worn)
Jewellery
 c - a +3 ring of strength
 g - an uncursed ring of protection from fire
 q - an uncursed ring of poison resistance
 u - an uncursed ring of teleportation
 w - an uncursed ring of stealth
 G - the ring "Mioz" (left hand) {rC- rN++ SInv}
   (You acquired it on level 2 of the Lair of Beasts)

   [ring of see invisible]

   It makes you vulnerable to cold.
   It greatly protects you from negative energy.
   It lets you see invisible.
 P - an uncursed ring of resist corrosion
 T - a ring of protection from magic (right hand)
Wands
 a - a wand of digging (30)
 j - a wand of random effects (53)
 m - a wand of paralysis (7)
 y - a wand of disintegration (17)
 F - a wand of flame (44)
 L - a wand of acid (12)
 S - a wand of polymorph (7)
Scrolls
 i - 3 scrolls of fear
 t - 8 scrolls of teleportation
 v - 3 scrolls of fog
 x - 7 scrolls of remove curse
 B - 3 scrolls of enchant weapon
 H - a scroll of blinking
 I - 3 scrolls of amnesia
 U - a scroll of enchant armour
 Y - a scroll of magic mapping
Potions
 b - 3 potions of haste
 d - 3 potions of might
 e - a potion of mutation
 h - 4 potions of flight
 k - 4 potions of lignification
 r - a potion of invisibility
 s - 5 potions of magic
 A - 9 potions of curing
 C - a potion of resistance
 E - 2 potions of berserk rage
 J - a potion of cancellation
 M - a potion of ambrosia
 N - a potion of brilliance
 O - a potion of stabbing
 X - a potion of heal wounds
Comestibles
 f - 28 rations
 p - a chunk of flesh


   Skills:
 + Level 11.4 Fighting
 - Level 13.6(14.0) Axes
   Level 5.2(10.4) Maces & Flails
 + Level 0.3 Throwing
 + Level 9.1 Armour
 + Level 7.4 Dodging
 - Level 4.0 Stealth
 + Level 11.3 Shields
 + Level 0.7 Evocations


You had 13 spell levels left.
You didn't know any spells.
Your spell library contained the following spells:

 Spells                   Type           Power        Failure   Level  Hunger
 Magic Dart               Conj           #...         99%         1    ##.....
 Blink                    Tloc           N/A          100%        2    ###....
 Call Imp                 Summ           #.......     100%        2    ###....
 Slow                     Hex            #.......     100%        2    ###....
 Confusing Touch          Hex            #.......     100%        3    ####...
 Conjure Flame            Conj/Fire      #.......     100%        3    ####...
 Gell's Gravitas          Tloc           #.........   100%        3    ####...
 Mephitic Cloud           Conj/Pois/Air  #.......     100%        3    ####...
 Static Discharge         Conj/Air       #.......     100%        3    ####...
 Petrify                  Tmut/Erth      #.......     100%        4    #####..
 Summon Lightning Spire   Summ/Air       #.......     100%        4    #####..
 Lightning Bolt           Conj/Air       #.........   100%        5    ######.
 Metabolic Englaciation   Hex/Ice        #.........   100%        5    ######.
 Silence                  Hex/Air        #.........   100%        5    ######.
 Yara's Violent Unravell  Hex/Tmut       #.........   100%        5    ######.
 Conjure Ball Lightning   Conj/Air       #.........   100%        6    #######
 Deflect Missiles         Chrm/Air       #.........   100%        6    #######
 Ignition                 Fire           #.........   100%        8    #######
 Shatter                  Erth           #.........   100%        9    #######
 Tornado                  Air            #.........   100%        9    #######


Dungeon Overview and Level Annotations

Branches:
Dungeon (14/15)            Temple (1/1) D:4            Lair (6/6) D:11
  Swamp (0/4) Lair:4        Snake (0/4) Lair:2        Slime (0/5) Lair:6
    Orc (2/2) D:9           Sewer (visited)         Volcano (visited)
    Elf: Orc:2       Vaults: D:13-14

Altars:
Ashenzari
Cheibriados
Dithmenos
Elyvilon
Fedhas
Gozag
Hepliaklqana
Kikubaaqudgha
Makhleb
Nemelex Xobeh
Okawaru
Qazlal
Ru
Sif Muna
Trog
Uskayaw
Vehumet
Wu Jian
Xom
Yredelemnul
Zin
The Shining One
Jiyva
Lugonu

Portals:
Abyss: Lair:4

Annotations:
Lair:4 1 transporter


Innate Abilities, Weirdness & Mutations

You have hoof-like feet.
You are partially covered in yellow scales. (AC +2)
Your flesh is heat resistant. (rF+)
Your demonic aura causes spilled blood to erupt in flames.
You regenerate a little health from kills.
You are immune to clouds of flame.


Message History

You block the ogre's attack.
You hit the orc warrior but do no damage.
You kick the orc warrior.
The orc warrior is heavily wounded.
You hit the ogre. You burn the ogre. You hit the ettin. You burn the ettin.
The ettin is engulfed in blazing flames.
The ettin hits you with a +0 dire flail!!
The ettin hits you but does no damage.
The orc warrior is engulfed in blazing flames.
You kill the orc warrior!
Okawaru accepts your kill.
You slash the ogre! You burn the ogre. You kick the ogre, but do no damage.
The ogre is moderately wounded.
You hit the ettin. You burn the ettin.
The ogre is engulfed in blazing flames.
The ogre hits you but does no damage.
The ettin is engulfed in blazing flames.
The ettin hits you with a +0 dire flail!
* * * LOW HITPOINT WARNING * * *
The ettin hits you with a +0 great mace!!!
You die...

######...#..##.......#
##..##.#..............#
#.......#.#...#......##
#####..............#.....## ###
##..#..............[(......###.##
#........##..........[....###...#
#....#.).##.........[......##..##
##....[....#...§☼§.............##
#......<.......O@...............#
#....).........C................#
##............§............#...##
#..............#...............#
##...#..####..###...#...#.#.#.##
######## #### ###############


You could see an ettin and an ogre.

Vanquished Creatures
  The ghost of Tian the Fighter, a journeyman HuAr of the Shining One (Lair:4)
  A rakshasa (D:14)
  5 hydras
  3 catoblepae (Lair:6)
  2 centaur warriors
  Erica (Orc:1)
  A two-headed ogre (D:10)
  7 death yaks (Lair:6)
  An orc high priest (Orc:1)
  Nergalle (Lair:4)
  A hell knight (Volcano)
  An unseen horror (D:11)
  2 deep elf magi
  A wolf spider zombie (D:12)
  3 ugly things
  A cyclops (D:11)
  Maurice (D:9)
  2 manticores (Lair:6)
  10 elephants
  5 black mambas
  Psyche (D:8)
  A smoke demon (Volcano)
  2 molten gargoyles
  7 spiny frogs
  3 gargoyles
  2 rime drakes
  4 kobold demonologists (D:11)
  3 komodo dragons
  An ancient zyme (Lair:4)
  4 trolls
  A polar bear (Lair:5)
  3 hippogriffs
  16 blink frogs
  Prince Ribbit (D:5)
  9 dream sheep
  2 wyverns
  3 spriggans
  Sigmund (D:4)
  59 yaks
  A basilisk (Lair:5)
  5 fire bats
  A steam dragon (D:8)
  2 hungry ghosts
  3 vampire mosquitoes (D:13)
  Menkaure (D:4)
  A warg (Orc:1)
  18 water moccasins
  A soldier ant (D:13)
  2 hell hounds (Volcano)
  6 porcupines
  Duvessa (D:4)
  Purgy (Sewer)
  10 orc warriors
  5 sky beasts
  A black bear (Lair:5)
  12 ice beasts
  3 phantoms
  An eye of draining (D:9)
  4 ogres
  12 wolves
  6 necrophages (Lair:3)
  9 centaurs
  18 crocodiles
  Blork the orc (D:4)
  15 bullfrogs
  A wyvern skeleton (D:9)
  Dowan (D:4)
  2 scorpions
  5 killer bees (D:8)
  8 electric eels
  4 howler monkeys
  5 lava snakes
  4 crimson imps
  8 orc priests
  12 orc wizards
  6 hounds
  3 centaur skeletons
  A jelly (D:11)
  A bullfrog skeleton (D:4)
  6 iguanas
  4 worker ants
  Ijyb (D:4)
  A killer bee zombie (D:10)
  A hound skeleton (D:9)
  A worker ant zombie (D:7)
  A howler monkey zombie (D:11)
  25 adders
  3 gnolls (D:7)
  5 shadow imps
  3 adder skeletons
  2 worms
  3 dart slugs
  8 leopard geckos
  44 orcs
  3 ball pythons
  8 bats
  12 giant cockroaches
  7 hobgoblins
  8 jackals
  4 quokkas
  8 frilled lizards
  6 goblins
  A jackal skeleton (D:6)
  A jackal zombie (D:7)
  7 kobolds
  A leopard gecko skeleton (D:7)
  A quokka zombie (D:10)
  12 rats
  A demonic plant (D:11)
  4 fungi
  A plant (Lair:3)
567 creatures vanquished.

Vanquished Creatures (collateral kills)
  A yak (Lair:6)
1 creature vanquished.

Vanquished Creatures (others)
  4 fungi
  4 plants
  5 toadstools (D:1)
13 creatures vanquished.

Grand Total: 581 creatures vanquished

Notes
Turn   | Place    | Note
-------+----------+-------------------------------------------
     0 | D:1      | Lentor the Demonspawn Fighter began the quest for the Orb.
     0 | D:1      | Reached XP level 1. HP: 18/18 MP: 1/1
    64 | D:1      | Gained mutation: You regenerate a little health from kills.
                  | [demonic ancestry]
    64 | D:1      | Reached XP level 2. HP: 22/24 MP: 2/2
   544 | D:1      | Gained mutation: You are partially covered in yellow
                  | scales. (AC +2) [demonic ancestry]
   544 | D:1      | Reached XP level 3. HP: 28/29 MP: 3/3
   803 | D:2      | Reached XP level 4. HP: 25/35 MP: 4/4
  1149 | D:2      | Found a radiant altar of Vehumet.
  1155 | D:2      | Found a shadowy altar of Dithmenos.
  1412 | D:2      | Found a burning altar of Makhleb.
  1425 | D:2      | Gained mutation: Your flesh is heat resistant. (rF+)
                  | [demonic ancestry]
  1425 | D:2      | Reached XP level 5. HP: 40/42 MP: 5/5
  2574 | D:4      | Noticed Ijyb
  2584 | D:4      | Killed Ijyb
  2616 | D:4      | Noticed Sigmund
  2652 | D:4      | Gained mutation: You are immune to clouds of flame.
                  | [demonic ancestry]
  2652 | D:4      | Reached XP level 6. HP: 32/48 MP: 6/6
  2682 | D:4      | Killed Sigmund
  2682 | D:4      | Reached skill level 1 in Dodging
  2854 | D:4      | Found a glowing drain.
  2880 | Sewer    | Entered a sewer
  2906 | Sewer    | Noticed Purgy
  2933 | Sewer    | Killed Purgy
  2933 | Sewer    | Reached skill level 5 in Maces & Flails
  2933 | Sewer    | Reached XP level 7. HP: 34/54 MP: 7/7
  3107 | D:4      | Noticed Blork the orc
  3125 | D:4      | Killed Blork the orc
  3172 | D:4      | Got a transparent hand axe
  3173 | D:4      | Identified the +6 hand axe of Unpleasantness {flame, +Fly
                  | Str+6} (You found it on level 4 of the Dungeon)
  3289 | D:4      | Found a staircase to the Ecumenical Temple.
  3290 | D:4      | Noticed Menkaure
  3296 | D:4      | Killed Menkaure
  3308 | Temple   | Entered the Ecumenical Temple
  3325 | Temple   | Became a worshipper of Warmaster Okawaru
  3365 | D:4      | Found a hide-covered altar of Uskayaw.
  3400 | D:4      | Noticed Duvessa
  3400 | D:4      | Noticed Dowan
  3416 | D:4      | Killed Duvessa
  3416 | D:4      | Reached skill level 1 in Axes
  3416 | D:4      | Killed Dowan
  3482 | D:4      | Found a glowing golden altar of the Shining One.
  3642 | D:5      | Entered Level 5 of the Dungeon
  3647 | D:5      | Reached skill level 2 in Axes
  3704 | D:5      | Reached XP level 8. HP: 60/61 MP: 8/8
  3830 | D:5      | Noticed Prince Ribbit
  3846 | D:5      | Killed Prince Ribbit
  3846 | D:5      | Reached skill level 3 in Axes
  4204 | D:5      | Reached * piety under Okawaru
  4222 | D:5      | Reached skill level 4 in Axes
  4249 | D:5      | Found a bloodstained altar of Trog.
  4670 | D:5      | Reached skill level 5 in Armour
  4778 | D:6      | Got a smoking ring mail
  4789 | D:6      | Identified the +0 ring mail of Mirth {Str+2} (You found it
                  | on level 6 of the Dungeon)
  4854 | D:6      | Found a radiant altar of Vehumet.
  4880 | D:6      | Reached skill level 5 in Axes
  5272 | D:6      | Reached ** piety under Okawaru
  5272 | D:6      | Reached XP level 9. HP: 62/67 MP: 9/9
  5282 | D:6      | Reached skill level 5 in Fighting
  5282 | D:6      | Reached skill level 6 in Axes
  5329 | D:6      | Reached skill level 1 in Stealth
  5695 | D:7      | Got a translucent helmet
  5706 | D:7      | Identified the +3 helmet of Brilliance {rCorr Str+4} (You
                  | found it on level 7 of the Dungeon)
  5727 | D:7      | Reached skill level 7 in Axes
  5727 | D:7      | Reached skill level 5 in Shields
  5767 | D:7      | Found a hazy altar of Hepliaklqana.
  5834 | D:7      | Reached *** piety under Okawaru
  6071 | D:7      | Found a glowing silver altar of Zin.
  6212 | D:8      | Reached skill level 8 in Axes
  6519 | D:8      | Found an ornate altar of the Wu Jian Council.
  6533 | D:8      | Gained mutation: You have large cloven feet. [demonic
                  | ancestry]
  6533 | D:8      | Reached XP level 10. HP: 74/74 MP: 10/10
  6599 | D:8      | Noticed Psyche
  6606 | D:8      | Killed Psyche
  6606 | D:8      | Reached **** piety under Okawaru
  6771 | D:8      | Received a gift from Okawaru
  6973 | D:9      | Found a sacrificial altar of Ru.
  7062 | D:9      | Found a shattered altar of Ashenzari.
  7121 | D:9      | Found a staircase to the Orcish Mines.
  7125 | D:9      | Found a sparkling altar of Nemelex Xobeh.
  7138 | D:9      | Reached skill level 9 in Axes
  7594 | D:10     | Entered Level 10 of the Dungeon
  7917 | D:10     | Noticed a two-headed ogre
  7925 | D:10     | Killed a two-headed ogre
  7985 | D:10     | Noticed a gargoyle
  8008 | D:10     | Killed a gargoyle
  8693 | D:11     | Reached skill level 10 in Axes
  8781 | D:11     | Killed an unseen horror
  8781 | D:11     | Reached ***** piety under Okawaru
  8970 | D:11     | Noticed a white ugly thing
  8995 | D:10     | Killed a white ugly thing
  9100 | D:11     | Reached XP level 11. HP: 77/81 MP: 11/11
  9246 | D:11     | Found a staircase to the Lair.
  9270 | D:11     | Found a corrupted altar of Lugonu.
  9418 | D:11     | You fall into a shaft and drop 3 floors!
  9424 | D:14     | Noticed a deep elf mage
  9442 | D:14     | Killed a deep elf mage
  9442 | D:14     | Received a gift from Okawaru
  9442 | D:14     | Reached skill level 11 in Axes
  9519 | D:14     | Noticed a centaur warrior
  9520 | D:14     | Noticed a rakshasa
  9521 | D:14     | Found a basalt altar of Yredelemnul.
  9728 | D:14     | Killed a centaur warrior
  9753 | D:14     | Killed a rakshasa
  9776 | D:13     | Noticed a deep elf mage
  9785 | D:13     | Killed a deep elf mage
  9836 | D:13     | Noticed a centaur warrior
  9866 | D:13     | Killed a centaur warrior
  9866 | D:13     | Reached skill level 5 in Dodging
  9905 | D:13     | Noticed a vault guard
 10058 | D:12     | Gained mutation: Your demonic aura causes spilled blood to
                  | erupt in flames. [demonic ancestry]
 10058 | D:12     | Reached XP level 12. HP: 89/89 MP: 12/12
 10366 | D:11     | Reached skill level 12 in Axes
 10568 | Lair:1   | Entered Level 1 of the Lair of Beasts
 10613 | Lair:1   | Noticed an eight-headed hydra
 10622 | Lair:1   | Killed a four-headed hydra
 10979 | Lair:1   | Received a gift from Okawaru
 10983 | Lair:1   | Got a smoking quarterstaff {god gift}
 10989 | Lair:1   | Identified the +7 quarterstaff of Foepp {protect, rF++ rN+
                  | Str-3 SInv} (Okawaru gifted it to you on level 1 of the
                  | Lair of Beasts)
 11055 | Lair:1   | Noticed a five-headed hydra
 11063 | Lair:1   | Killed a three-headed hydra
 11594 | Lair:2   | Found a staircase to the Snake Pit.
 11976 | Lair:2   | Noticed a seven-headed hydra
 11987 | Lair:2   | Killed a four-headed hydra
 12121 | Lair:2   | Reached skill level 13 in Axes
 12209 | Lair:2   | Reached ****** piety under Okawaru
 12218 | Lair:2   | Received a gift from Okawaru
 12218 | Lair:2   | Gained mutation: You have hoof-like feet. [demonic
                  | ancestry]
 12218 | Lair:2   | Reached XP level 13. HP: 90/98 MP: 13/13
 12235 | Lair:2   | Identified a scroll of acquirement
 12235 | Lair:2   | Identified the ring "Mioz" {rC- rN++ SInv} (You acquired it
                  | on level 2 of the Lair of Beasts)
 12235 | Lair:2   | Identified the +0 cloak "Xileneuv" {rElec Int+3} (You
                  | acquired it on level 2 of the Lair of Beasts)
 14438 | Lair:4   | Found a one-way gate to the infinite horrors of the Abyss.
 14438 | Lair:4   | Noticed Tian's ghost (journeyman HuAr)
 14470 | Lair:4   | Found a transporter.
 14513 | Lair:4   | Found a staircase to the Swamp.
 14649 | Lair:4   | Found a transporter.
 14705 | Lair:4   | Noticed Nergalle
 14716 | Lair:4   | Killed Nergalle
 14966 | Lair:4   | Paralysed by a great orb of eyes for 6 turns
 15016 | Lair:4   | Killed Tian's ghost
 15444 | Lair:5   | Found a dark tunnel.
 15445 | Lair:5   | Received a gift from Okawaru
 15466 | Volcano  | Entered a volcano
 15697 | Volcano  | Found a burning altar of Makhleb.
 16531 | Lair:5   | Reached skill level 10 in Shields
 16981 | Lair:6   | Entered Level 6 of the Lair of Beasts
 16994 | Lair:6   | Reached skill level 10 in Fighting
 17000 | Lair:6   | Reached XP level 14. HP: 110/110 MP: 14/14
 17044 | Lair:6   | Received a gift from Okawaru
 17549 | Lair:6   | Received a gift from Okawaru
 17830 | Lair:6   | Found a viscous altar of Jiyva.
 17831 | Lair:6   | Found a staircase to the Slime Pits.
 18157 | Orc:1    | Entered Level 1 of the Orcish Mines
 18157 | Orc:1    | Noticed Maurice
 18159 | Orc:1    | Noticed Erica
 18170 | D:9      | Killed Maurice
 18179 | Orc:1    | Killed Erica
 18284 | Orc:2    | Entered Level 2 of the Orcish Mines
 18317 | Orc:1    | Mangled by an ettin

Levels and vault maps discovered:
D:1:      ldierk_walled_garden, layout_loops_ring
D:2:      minmay_door_path, layout_basic,
          chequers_temple_overflow_statue_of_worship,
          makhleb_blood_cavern_becter
D:3:      layout_basic
D:4:      layout_rooms, overflow_temple_1_default, lemuel_round_altar,
          minmay_temple_entry_large_hall, gup_sewer_entry_pipe,
          uniq_blork_the_orc, uniq_sigmund, uniq_duvessa, uniq_menkaure,
          uniq_ijyb
D:5:      layout_basic, nicolae_overflow_hidden_temple, first_ration,
          roderic_lattice_a, uniq_prince_ribbit1
D:6:      layout_rooms, basic_altar
D:7:      layout_rooms, overflow_temple_1_default,
          nicolae_overflow_crystal_walls
D:8:      layout_rooms, lemuel_crystal_altar, uniq_psyche
D:9:      layout_loops_ring, overflow_temple_1_default, nicolae_ru_awakened_eye,
          evilmike_ruin_ashenzari
D:10:     layout_gridville
D:11:     kennysheep_kobold_lugonu_temple, layout_small_grid, lair_entry_dummy,
          grunt_pizzeria
D:12:     layout_cave_pools, uniq_frances, uniq_josephine
D:13:     layout_basic, lightli_vaults_fourway_checkpoint, tso_metal_star
D:14:     layout_basic, minmay_misc_feat_pillars, nrook_uturn, minivault_5,
          yredelemnul_altar_generic
Temple:   minmay_freezing_vapour_temple
Lair:1:   layout_cave_shapes, nicolae_quartered_pool_super,
          infiniplex_staircase_pool_2
Lair:2:   layout_cave_pods, minmay_snake_entry_six_corridors,
          serial_bayou_lake_a
Lair:3:   layout_hall_layers, roderic_carrion_pond, serial_bayou_shore_b,
          wad_woods_river_01
Lair:4:   layout_gridlike, swamp_mist, gammafunk_ghost_abyssal_escape,
          serial_bayou_ford_a, uniq_nergalle
Lair:5:   layout_gridlike, nicolae_volcano_entry_batcave,
          portal_ice_cave_entry_ice_beasts, nicolae_lair_grove_arrangements,
          forest_entry_grove, serial_bayou_shore_b
Lair:6:   evilmike_catoblepas_cave, layout_misc_corridors,
          dpeg_slime_entry_enclosed_altar
Orc:1:    layout_caves, uniq_maurice, uniq_jorgrun, uniq_erica
Orc:2:    st_orc_open, layout_caves

Skill      XL: |  1  2  3  4  5  6  7  8  9 10 11 12 13 14 |
---------------+-------------------------------------------+-----
Maces & Flails | 2 3 5 |  5.2
Armour         | 3 4 5 6 7 9 |  9.1
Shields        | 3 4 5 6 7 8 10 11 | 11.3
Fighting       | 4 5 6 8 10 11 | 11.4
Dodging        | 1 2 3 5 7 |  7.4
Axes           | 2 5 8 10 11 13 | 13.6
Stealth        | 2 3 4 |  4.0
Throwing       | |  0.3
Evocations     | |  0.7

Action                   |  1- 3 |  4- 6 |  7- 9 | 10-12 | 13-15 || total
-------------------------+-------+-------+-------+-------+-------++-------
Melee: Flail             |   124 |   294 |    17 |       |       ||   435
       Hand axe          |       |       |   296 |   576 |   582 ||  1454
       Kick              |       |       |       |   250 |   270 ||   520
Throw: Dart              |       |       |     1 |     2 |       ||     3
 Abil: Evoke Flight      |       |       |       |       |     1 ||     1
Evoke: Wand              |       |       |       |       |     1 ||     1
       Sack of spiders   |       |       |       |       |     2 ||     2
  Use: Scroll            |       |    10 |     6 |     4 |    18 ||    38
       Potion            |       |     3 |       |     2 |     5 ||    10
 Stab: Distracted        |       |     1 |       |       |       ||     1
       Sleeping          |       |       |     6 |     6 |     1 ||    13
  Eat: Chunk             |       |     7 |    12 |    13 |    19 ||    51
       Ration            |       |       |       |     2 |       ||     2
Armor: Scale mail        |    63 |   185 |    30 |       |       ||   278
       Skin              |       |    14 |       |       |       ||    14
       Ring mail         |       |       |    57 |   153 |    63 ||   273
       Plate armour      |       |       |       |       |    75 ||    75
Dodge: Dodged            |    38 |    99 |    71 |   156 |   131 ||   495
Block: Kite shield       |    49 |   204 |   144 |   273 |   246 ||   916

Table legend:
 A = Non-vault XP
 B = Vault XP
 C = Vault XP percentage of total XP
 D = Non-vault monster count
 E = Vault monster count
 F = Vault count percentage of total count
                 A         B        C        D         E       F
            +---------+---------+-------+---------+---------+-------
      Total |   60247 |   29706 |  33.0 |     448 |     114 |  20.3
            +---------+---------+-------+---------+---------+-------
        D:1 |      43 |       0 |   0.0 |      25 |       0 |   0.0
        D:2 |     129 |      61 |  32.1 |      22 |       3 |  12.0
        D:3 |     106 |       0 |   0.0 |      22 |       0 |   0.0
        D:4 |      48 |     752 |  94.0 |       6 |      16 |  72.7
        D:5 |     582 |     268 |  31.5 |      22 |       1 |   4.3
        D:6 |    1311 |       0 |   0.0 |      22 |       0 |   0.0
        D:7 |    1250 |       0 |   0.0 |      29 |       0 |   0.0
        D:8 |    1113 |     434 |  28.1 |      17 |       1 |   5.6
        D:9 |     855 |     496 |  36.7 |      21 |       1 |   4.5
       D:10 |    2705 |       0 |   0.0 |      22 |       0 |   0.0
       D:11 |    5894 |    1322 |  18.3 |      42 |       4 |   8.7
       D:12 |     647 |       0 |   0.0 |       7 |       0 |   0.0
       D:13 |    2857 |       0 |   0.0 |      10 |       0 |   0.0
       D:14 |    3169 |       0 |   0.0 |       6 |       0 |   0.0
     Lair:1 |    6558 |       0 |   0.0 |      27 |       0 |   0.0
     Lair:2 |    6708 |    1586 |  19.1 |      25 |      12 |  32.4
     Lair:3 |    4927 |    1876 |  27.6 |      27 |       9 |  25.0
     Lair:4 |    5173 |    2440 |  32.1 |      21 |       3 |  12.5
     Lair:5 |    3803 |    3329 |  46.7 |      19 |      19 |  50.0
     Lair:6 |   10109 |   12076 |  54.4 |      40 |      23 |  36.5
      Orc:1 |    1685 |     907 |  35.0 |      11 |       1 |   8.3
      Orc:2 |     575 |       0 |   0.0 |       5 |       0 |   0.0
      Sewer |       0 |     157 | 100.0 |       0 |       7 | 100.0
    Volcano |       0 |    4002 | 100.0 |       0 |      14 | 100.0
            +---------+---------+-------+---------+---------+-------
